 Dungeon Crawl Stone Soup version 0.27.1-4-g1640c2035a (webtiles) character file.

Game seed: 13141131591346576330

11197 pkoi the Grappler (level 11, -9/104 HPs)
             Began as a Troll Monk on Nov 4, 2021.
             Was a High Priest of Nemelex Xobeh.
             Mangled by a blink frog (17 damage)
             ... on level 2 of the Abyss.
             The game lasted 00:18:01 (8752 turns).

pkoi the Grappler (Troll Monk)                      Turns: 8752, Time: 00:18:03

Health: -9/104     AC:  7    Str: 24    XL:     11   Next: 46%
Magic:  17/17      EV: 12    Int:  6    God:    Nemelex Xobeh [*****.]
Gold:   570        SH:  0    Dex: 12    Spells: 10/10 levels left

rFire    . . .     SeeInvis .     - Unarmed
rCold    . . .     Faith    .   (no shield)
rNeg     . . .     Spirit   .   n - +0 steam dragon scales
rPois    .         Reflect  .   (helmet restricted)
rElec    .         Harm     .   (no cloak)
rCorr    +         Rampage  .   (gloves unavailable)
Will     .....                  (boots unavailable)
Stlth    ++........             p - amulet of regeneration
HPRegen  0.00/turn              w - ring of resist corrosion
MPRegen  0.15/turn              (no ring)

@: diseased, slowed, studying Fighting, very slow
A: large, unfitting armour, claws 3, regeneration 1, shaggy fur 1, tough skin 1
a: Renounce Religion, Draw Escape, Draw Destruction, Draw Summoning, Triple
Draw, Deal Four, Stack Five


You were on level 2 of the Abyss.
You worshipped Nemelex Xobeh.
Nemelex Xobeh was extremely pleased with you.
You visited 2 branches of the dungeon, and saw 12 of its levels.
You visited the Abyss 1 time.

You collected 648 gold pieces.
You spent 78 gold pieces at shops.

Inventory:

Missiles
 m - 27 poisoned darts (quivered)
 o - 2 curare-tipped darts
 u - 7 datura-tipped darts
Armour
 n - +0 steam dragon scales (worn)
Jewellery
 p - an amulet of regeneration (around neck)
 r - a ring of positive energy
 w - a ring of resist corrosion (left claw)
Wands
 a - a wand of flame (41)
 g - a wand of digging (7)
 i - a wand of polymorph (12)
 q - a wand of mindburst (7)
Scrolls
 b - 3 scrolls of teleportation
 c - a scroll of enchant weapon
 h - a scroll of magic mapping
 s - a scroll of fog
 t - 3 scrolls of amnesia
 v - 2 scrolls of enchant armour
 x - a scroll of holy word
Potions
 d - 4 potions of heal wounds
 e - 3 potions of haste
 f - 8 potions of curing
 j - 3 potions of might
 k - a potion of flight
 l - a potion of invisibility


   Skills:
 + Level 5.2 Fighting
 + Level 6.4 Dodging
 - Level 1.0 Stealth
 * Level 11.6 Unarmed Combat
 * Level 10.1 Invocations
 + Level 2.6 Evocations


You had 10 spell levels left.
You didn't know any spells.
Your spell library contained the following spells:

 Spells                   Type           Power      Damage    Failure   Level
 Static Discharge         Conj/Air       0%         N/A       58%         2
 Dispel Undead            Necr           0%         3d6       99%         4
 Sticky Flame             Conj/Fire      0%         2d3       99%         4


Dungeon Overview and Level Annotations

Branches:
Dungeon (11/15)            Temple (1/1) D:7            Lair (0/6) D:9
    Orc: D:9-12

Altars:
Fedhas
Hepliaklqana
Kikubaaqudgha
Makhleb
Nemelex Xobeh
Okawaru
Qazlal
Trog
Uskayaw
Vehumet
Wu Jian
Yredelemnul
Zin

Shops:
D:1 (   D:5 **


Innate Abilities, Weirdness & Mutations

You are too large for most types of armour.
You have claws for hands.
Your natural rate of healing is unusually fast.
You are covered in fur. (AC +1)
You have tough skin. (AC +1)


Message History

* * * LOW HITPOINT WARNING * * *
The freezing wraith freezes you!!
* * * LOW HITPOINT WARNING * * *
The freezing wraith hits you.
* * * LOW HITPOINT WARNING * * *
Your rakshasa closely misses the freezing wraith.
Your soul eater hits the freezing wraith.
The freezing wraith is destroyed!
Unknown command.
You feel yourself growing ill in the presence of the ancient zyme.
Your rakshasa completely misses the ancient zyme.
The ancient zyme barely misses you. The ancient zyme hits you.
* * * LOW HITPOINT WARNING * * *
You mangle the ancient zyme!!
The ancient zyme is heavily damaged.
You hear a croak.
Your rakshasa hits the ancient zyme with a +0 whip!
Your soul eater hits the ancient zyme!
The ancient zyme hits you!
* * * LOW HITPOINT WARNING * * *
The ancient zyme hits you!
* * * LOW HITPOINT WARNING * * *
You feel ill.
Your rakshasa hits the ancient zyme with a +0 whip!
Your soul eater hits the ancient zyme!
The ancient zyme is destroyed!
You hear a croak. x2
You start resting.
You hear a croak.
A blink frog comes into view.
The blink frog barely misses you.
Your rakshasa closely misses the blink frog.
A blink frog is nearby!
You closely miss the blink frog. You claw the blink frog!
The blink frog is heavily wounded.
The blink frog misses you.
Your rakshasa barely misses the blink frog.
Your soul eater barely misses the blink frog.
The blink frog hits you!
You die...
Your body glows slightly and disappears.

## # . .. .# # .#.## #
. . .#. .# .#. #.#.# #
.# . #... #..#..#.#...
#..###.#..x..# ##. ##
#...RF## ..#
.#...###.#.#.3@##.....
# . .. #..#### _. . #
. . #. #.#.. . # .# .
. . .. #.##. .# # #.#.
#.#.... .## .
##.#..#.#..# # . ..
##..#.#...# .##.#
.#......##.#.# ##
.....#.##.#


You could see a blink frog (ally target), a friendly rakshasa (summoned) and a
friendly soul eater (summoned).

Vanquished Creatures
  Erica (D:11)
  3 two-headed ogres
  An ugly thing (D:10)
  A manticore (D:11)
  2 kobold demonologists (D:9)
  A troll (D:9)
  Grinder (D:4)
  2 hornets
  2 wyverns
  A large abomination (Abyss:2)
  A steam dragon (D:8)
  A chaos spawn (Abyss:2)
  2 water moccasins
  2 black bears
  An orc warrior (D:7)
  7 ogres
  2 hornet zombies
  A necrophage (D:6)
  4 wolves (D:9)
  2 centaurs
  2 phantoms
  3 kobold brigands
  Blork the orc (D:5)
  5 bullfrogs
  2 scorpions
  A gnoll sergeant (D:9)
  An earth elemental (Abyss:2)
  A water moccasin skeleton (D:4)
  6 killer bees
  2 wights (D:8)
  3 howler monkeys (D:9)
  3 electric eels (D:9)
  An orc priest (D:5)
  6 hounds
  6 centaur zombies
  Natasha (thrice) (D:3)
  An iguana (D:6)
  2 orc wizards
  2 killer bee zombies (D:9)
  3 hound skeletons
  9 gnolls
  A howler monkey skeleton (D:6)
  3 adders
  A white imp (D:6)
  An ufetubus (D:4)
  A worm (D:3)
  A dart slug (D:3)
  20 orcs
  9 bats
  6 endoplasms
  3 giant cockroaches
  8 goblins
  7 hobgoblins
  2 jackals (D:1)
  20 kobolds
  6 quokkas
  9 ball pythons
  2 frilled lizards (D:2)
  2 rats
203 creatures vanquished.

Vanquished Creatures (collateral kills)
  A freezing wraith (Abyss:2)
  An ancient zyme (Abyss:2)
  A steam dragon (D:7)
  Menkaure (D:7)
  4 killer bees (D:8)
  3 wights (D:8)
  A hound (D:7)
  A gnoll shaman (D:9)
  A gnoll (D:9)
  2 orcs (D:8)
16 creatures vanquished.

Vanquished Creatures (others)
  A gnoll (D:7)
  32 plants
33 creatures vanquished.

Grand Total: 252 creatures vanquished

Notes
Turn   | Place    | Note
-------+----------+-------------------------------------------
     0 | D:1      | pkoi the Troll Monk began the quest for the Orb.
     0 | D:1      | Reached XP level 1. HP: 22/22 MP: 0/0
    58 | D:1      | Found a faded altar of an unknown god.
    82 | D:1      | Reached XP level 2. HP: 27/29 MP: 1/1
    84 | D:1      | Became a worshipper of Nemelex Xobeh the Trickster
    84 | D:1      | Reached * piety under Nemelex Xobeh
    84 | D:1      | Reached ** piety under Nemelex Xobeh
    84 | D:1      | Received a gift from Nemelex Xobeh
    84 | D:1      | Received a gift from Nemelex Xobeh
   113 | D:1      | Received a gift from Nemelex Xobeh
   254 | D:1      | Found Kyiboj's Weapon Boutique.
   321 | D:1      | Reached skill level 1 in Invocations
   351 | D:1      | Reached XP level 3. HP: 36/36 MP: 2/2
   380 | D:1      | Reached skill level 4 in Unarmed Combat
   585 | D:1      | Reached *** piety under Nemelex Xobeh
  1147 | D:2      | Received a gift from Nemelex Xobeh
  1292 | D:3      | Noticed Natasha
  1300 | D:3      | Killed Natasha
  1301 | D:3      | Reached XP level 4. HP: 44/44 MP: 4/4
  1450 | D:3      | Noticed Natasha
  1457 | D:3      | Killed Natasha
  1710 | D:3      | Reached XP level 5. HP: 47/50 MP: 5/5
  1784 | D:3      | Noticed Natasha
  1797 | D:3      | Killed Natasha
  1798 | D:3      | Reached skill level 5 in Unarmed Combat
  2203 | D:4      | Noticed an ogre
  2208 | D:4      | Noticed an ogre
  2220 | D:4      | Killed an ogre
  2221 | D:4      | Reached XP level 6. HP: 46/59 MP: 7/7
  2389 | D:4      | Received a gift from Nemelex Xobeh
  2414 | D:4      | Reached skill level 6 in Unarmed Combat
  2453 | D:4      | Noticed Grinder
  2457 | D:4      | Paralysed by Grinder for 6 turns
  2465 | D:4      | Killed Grinder
  2466 | D:4      | Reached XP level 7. HP: 53/66 MP: 9/9
  2631 | D:4      | Reached skill level 5 in Invocations
  2907 | D:5      | Entered Level 5 of the Dungeon
  2930 | D:5      | Found an iron altar of Okawaru.
  2933 | D:5      | Reached skill level 7 in Unarmed Combat
  2933 | D:5      | Reached XP level 8. HP: 75/75 MP: 9/11
  3089 | D:5      | Found a hazy altar of Hepliaklqana.
  3090 | D:5      | Found a faded altar of an unknown god.
  3090 | D:5      | Noticed Blork the orc
  3095 | D:5      | Killed Blork the orc
  3189 | D:5      | Reached **** piety under Nemelex Xobeh
  3219 | D:5      | Found Asisaide's General Store.
  3330 | D:5      | Found Zezonur's Assorted Antiques.
  3793 | D:5      | Bought a scroll labelled JAZ WOMUWOO for 28 gold pieces
  3793 | D:5      | Bought a lumpy green potion for 25 gold pieces
  3793 | D:5      | Bought a puce potion for 25 gold pieces
  3881 | D:6      | Received a gift from Nemelex Xobeh
  3938 | D:6      | Reached skill level 8 in Unarmed Combat
  4313 | D:6      | Received a gift from Nemelex Xobeh
  4564 | D:6      | Reached XP level 9. HP: 48/81 MP: 13/13
  4747 | D:7      | Found a staircase to the Ecumenical Temple.
  4773 | D:7      | Noticed Menkaure
  4777 | Temple   | Entered the Ecumenical Temple
  4815 | D:7      | Killed Menkaure
  4856 | D:7      | Found a basalt altar of Yredelemnul.
  4909 | D:7      | Received a gift from Nemelex Xobeh
  5145 | D:7      | Reached ***** piety under Nemelex Xobeh
  5243 | D:7      | Reached skill level 9 in Unarmed Combat
  5733 | D:8      | Noticed a two-headed ogre
  5740 | D:8      | Killed a two-headed ogre
  5914 | D:8      | Reached skill level 5 in Dodging
  6321 | D:8      | Reached skill level 10 in Unarmed Combat
  6321 | D:8      | Reached XP level 10. HP: 87/91 MP: 15/15
  6352 | D:8      | Found a radiant altar of Vehumet.
  6724 | D:9      | Found a staircase to the Lair.
  6887 | D:9      | Noticed a rust devil
  7002 | D:9      | Received a gift from Nemelex Xobeh
  7118 | D:9      | Reached skill level 1 in Evocations
  7122 | D:9      | Identified a scroll of acquirement
  7123 | D:9      | Acquired a manual of Fighting
  7408 | D:10     | Entered Level 10 of the Dungeon
  7777 | D:10     | Received a gift from Nemelex Xobeh
  7833 | D:10     | Noticed a cyan ugly thing
  7836 | D:10     | Killed a cyan ugly thing
  7837 | D:10     | Reached skill level 11 in Unarmed Combat
  7976 | D:10     | Paralysed by a hornet for 1 turns
  8223 | D:11     | Noticed a manticore
  8235 | D:11     | Killed a manticore
  8236 | D:11     | Reached XP level 11. HP: 67/100 MP: 17/17
  8325 | D:11     | Noticed Erica
  8328 | D:11     | Killed Erica
  8382 | D:11     | Noticed a two-headed ogre
  8391 | D:11     | Killed a two-headed ogre
  8506 | D:11     | Reached skill level 10 in Invocations
  8536 | D:11     | Noticed a two-headed ogre
  8540 | D:11     | Killed a two-headed ogre
  8541 | D:11     | Reached skill level 5 in Fighting
  8590 | D:11     | Noticed a wizard
  8606 | D:11     | Cast into level 2 of the Abyss (a wizard)
  8710 | Abyss:2  | Noticed an ophan
  8718 | Abyss:2  | Received a gift from Nemelex Xobeh
  8735 | Abyss:2  | Found a basalt altar of Yredelemnul.
  8752 | Abyss:2  | Mangled by a blink frog

Illustrated notes

Levels and vault maps discovered:
D:1:      psy_arrival_statuary, layout_basic, serial_shops, shop,
          chequers_ecumenical_altar_island, bh_walls_and_bars
D:2:      layout_rooms, grunt_ministairs_1, kennysheep_generic_room_15
D:3:      layout_loops_ring, serial_bayou, serial_bayou_lake_a,
          serial_bayou_ford_a, serial_bayou_pond_b, serial_bayou_lagoon_b,
          kennysheep_generic_room_10, uniq_natasha
D:4:      layout_loops_ring, uniq_grinder
D:5:      layout_loops_ring, beargit_hepliaklqana_dungeon_heroes,
          mainiacjoe_overflow_concentric_impassable, serial_shops,
          nicolae_diamond_shop, nicolae_inconvenience_store, nrook_uturn,
          abandoned_shop, uniq_blork_the_orc
D:6:      layout_gridville, st_stairs_5, kennysheep_generic_room_2
D:7:      layout_loops_ring, kennysheep_mini,
          minmay_temple_entry_gardened_gates, serial_rivers,
          chequers_serial_rivers_large_b, chequers_serial_rivers_small_a,
          chequers_serial_rivers_small_a, chequers_serial_rivers_micro_c,
          chequers_serial_rivers_micro_d, nrook_mini_backslash, uniq_menkaure
D:8:      layout_loops_ring, vehumet_crystals
D:9:      layout_basic, erik_lair_island
D:10:     layout_loops_ring, eino_jars
D:11:     layout_loops_ring, minmay_curled_crystal, lightli_wizard_tower,
          uniq_erica
Temple:   eino_narrow_crystal_temple
Abyss:2:  base:
D:4

Skill      XL: |  1  2  3  4  5  6  7  8  9 10 11 |
---------------+----------------------------------+-----
Invocations    | 1 2 3 4 5 6 8 9 10 | 10.1
Unarmed Combat | 4 5 6 7 8 10 11 | 11.6
Fighting       | 3 4 5 |  5.2
Dodging        | 3 4 5 6 |  6.4
Evocations     | 1 2 |  2.6
Stealth        | |  1.0

Action                   |  1- 3 |  4- 6 |  7- 9 | 10-12 || total
-------------------------+-------+-------+-------+-------++-------
Melee: Unarmed           |    81 |    66 |   184 |   213 ||   544
       Punch             |     1 |     1 |     6 |    12 ||    20
Invok: Draw Destruction  |       |    10 |    12 |    21 ||    43
       Draw Summoning    |       |       |     6 |     3 ||     9
       Draw Escape       |       |       |       |     3 ||     3
  Use: Scroll            |       |     6 |    11 |     5 ||    22
       Potion            |       |       |       |     2 ||     2
 Stab: Sleeping          |     5 |     3 |     1 |       ||     9
Armor: Robe              |    19 |    20 |    28 |       ||    67
       Skin              |     2 |       |       |       ||     2
       Steam dragon scal |       |       |     6 |    75 ||    81
Dodge: Dodged            |    26 |    32 |   101 |   127 ||   286
